 Dungeon Crawl Stone Soup version 0.30.0-16-gbe6223bb7e (webtiles) character file.

Game seed: 1307684169790140794

119 bmack86 the Chopper (level 4, -1/41 HPs)
             Began as a Minotaur Fighter on May 21, 2023.
             Slain by a centaur (5 damage)
             ... on level 3 of the Dungeon.
             The game lasted 00:05:54 (2413 turns).

bmack86 the Chopper (Minotaur Fighter)              Turns: 2413, Time: 00:05:55

Health: -1/41      AC: 11    Str: 23    XL:     4   Next: 73%
Magic:  3/3        EV:  8    Int:  5    God:
Gold:   199        SH:  4    Dex:  9    Spells: 3/3 levels left

rFire   . . .        a - +0 war axe
rCold   . . .        c - +0 buckler
rNeg    . . .        q - +0 chain mail
rPois   .            (helmet restricted)
rElec   .            m - +0 cloak
rCorr   .            (no gloves)
SInv    .            n - +0 pair of boots
Will    .....        (no amulet) Stlth
                     (no ring)
HPRegen 0.26/turn    (no ring)
MPRegen 0.08/turn

%: no passive effects
@: mighty
A: horns 2, retaliatory headbutt
a: no special abilities


You were on level 3 of the Dungeon.
You visited 1 branch of the dungeon, and saw 3 of its levels.

You collected 199 gold pieces.

Inventory:

Hand Weapons
 a - a +0 war axe (weapon)
Missiles
 h - 7 poisoned darts (quivered)
Armour
 b - a +0 scale mail
 c - a +0 buckler (worn)
 m - a +0 cloak (worn)
 n - a +0 pair of boots (worn)
 q - a +0 chain mail (worn)
Jewellery
 f - an amulet of magic regeneration
Scrolls
 e - a scroll of immolation
 g - a scroll of identify
 i - 2 scrolls of noise {unknown}
 j - a scroll of teleportation
 k - 2 scrolls of vulnerability {unknown}
 o - a scroll of fear {unknown}
 p - a scroll of magic mapping {unknown}
 r - a scroll of brand weapon {unknown}
Potions
 d - a potion of might
 l - 5 potions of curing


   Skills:
 + Level 4.8 Fighting
 * Level 5.2 Axes
 - Level 3.6 Armour
 - Level 3.6 Shields


You had 3 spell levels left.
You didn't know any spells.
Your spell library was empty.

Dungeon Overview and Level Annotations

Branches:
Dungeon (3/15)

Altars:

Shops:
D:1 :


Innate Abilities, Weirdness & Mutations

You have a pair of horns on your head.
You reflexively headbutt those who attack you in melee.


Message History

j - a scroll of teleportation A goblin comes into view.
It is wielding a +0 club.
The goblin shouts!
You hear a shout!
The goblin unwields a +0 club.
The goblin wields a +0 sling.
The goblin shoots a sling bullet.
You block the sling bullet.
Found a stone staircase leading down.
A centaur comes into view.
The centaur wields a +0 shortbow.
The centaur shoots an arrow.
The arrow barely misses you.
The goblin shoots a sling bullet.
The sling bullet barely misses you.
The centaur shoots an arrow.
The arrow hits you!
The goblin shoots a sling bullet.
You block the sling bullet.
The centaur shoots an arrow.
The arrow hits you.
The centaur shoots an arrow.
The arrow hits you but does no damage.
The goblin unwields a +0 sling.
The goblin wields a +0 club.
The goblin hits you but does no damage.
The centaur shoots an arrow.
You block the arrow.
You closely miss the goblin. Your headbutt misses the goblin.
The centaur shoots an arrow.
The arrow hits you! The goblin hits you with a +0 club.
The centaur shoots an arrow.
The arrow hits you.
* * * LOW HITPOINT WARNING * * *
The goblin hits you but does no damage.
You hit the goblin. Your headbutt misses the goblin.
The goblin is moderately wounded.
The centaur shoots an arrow.
The arrow hits you.
* * * LOW HITPOINT WARNING * * *
The centaur shoots an arrow.
The arrow hits you but does no damage. You block the goblin's attack.
You closely miss the goblin.
The goblin is moderately wounded.
The goblin hits you with a +0 club.
* * * LOW HITPOINT WARNING * * *
The centaur unwields a +0 shortbow.
The centaur hits you but does no damage.
The centaur kicks you.
* * * LOW HITPOINT WARNING * * *
You feel very mighty all of a sudden. You block the goblin's attack.
The centaur hits you.
You die...

#.####.#####...####......
#..........#...# #.......
######...#(#...# #.<.....
#...#.#...# #.......
#...#.#..†# #.......
#...#.#...###.######
#.............#
#...c.#.####### #.#@#.#..
#.#g#... #.#.#.#.#
#.#.#.#... #>#.# ### ...
..# ###


You could see a centaur and a goblin.

Vanquished Creatures
  An orc priest (D:3)
  An orc wizard (D:3)
  2 dart slugs
  7 orcs (D:3)
  3 endoplasms
  4 giant cockroaches
  5 goblins
  4 hobgoblins
  2 jackals (D:1)
  2 kobolds (D:2)
  3 quokkas
  4 ball pythons
  3 bats
  6 frilled lizards
  3 rats
50 creatures vanquished.

Notes
Turn   | Place    | Note
-------+----------+-------------------------------------------
     0 | D:1      | bmack86 the Minotaur Fighter began the quest for the Orb.
     0 | D:1      | Reached XP level 1. HP: 19/19 MP: 0/0
   148 | D:1      | Reached skill level 3 in Axes
   165 | D:1      | Reached XP level 2. HP: 27/27 MP: 1/1
   636 | D:1      | Found Satept's Book Boutique.
   807 | D:1      | Found a faded altar of an unknown god.
  1017 | D:2      | Reached XP level 3. HP: 33/33 MP: 2/2
  1335 | D:2      | Reached skill level 4 in Axes
  1599 | D:3      | Reached XP level 4. HP: 6/41 MP: 3/3
  2030 | D:3      | Reached skill level 5 in Axes
  2405 | D:3      | Noticed a centaur
  2413 | D:3      | Slain by a centaur

Illustrated notes

Levels and vault maps discovered:
D:1:      scummos_arrival_simple_crosswalls, layout_loops_corners,
          shapermc_ecumenical_altar_hornbeckon, serial_shops, shop
D:2:      layout_loops_ring
D:3:      layout_basic, gammafunk_ghost_smash

Skill      XL: |  1  2  3  4 |
---------------+-------------+-----
Axes           | 3 4 5 |  5.2
Fighting       | 4 |  4.8
Armour         | |  3.6
Shields        | |  3.6

Action                     |  1- 3 |  4- 6 || total
---------------------------+-------+-------++-------
  Melee: War axe           |    65 |    45 ||   110
         Headbutt          |    11 |     6 ||    17
    Use: Scroll            |       |     3 ||     3
         Potion            |       |     1 ||     1
 Armour: Scale mail        |    27 |    21 ||    48
         Chain mail        |       |     9 ||     9
  Dodge: Dodged            |    26 |    10 ||    36
  Block: Buckler           |    20 |     9 ||    29
